 Dungeon Crawl Stone Soup version 0.25-a0-611-g6918904 (webtiles) character file.

Game seed: 12319061927377909659, levelgen mode: deterministic

68 BlueFish the Insei (level 4, -3/28 HPs)
             Began as an Octopode Transmuter on Mar 16, 2020.
             Slain by a quokka (5 damage)
             ... on level 3 of the Dungeon.
             The game lasted 00:03:42 (1729 turns).

BlueFish the Insei (Octopode Transmuter)            Turns: 1729, Time: 00:03:43

Health: -3/28      AC:  2    Str: 10    XL:     4   Next: 19%
Magic:  4/7        EV: 13    Int: 15    God:
Gold:   76         SH:  0    Dex: 12    Spells: 4/7 levels left

rFire    . . .     SeeInvis .     - Unarmed
rCold    . . .     Gourm    .   (no shield)
rNeg     . . .     Faith    .   (helmet restricted)
rPois    .         Spirit   .   (no amulet)
rElec    .         Reflect  .   h - +1 ring of protection
rCorr    .         Harm     .   (no ring)
MR       .....                  (no ring)
Stlth    +++.......             (no ring)
HPRegen  0.09/turn              (no ring)
MPRegen  0.10/turn              (no ring)
                                (no ring)
                                (no ring)

@: appendage (expiring)
A: almost no armour, stealthy swim, amphibious, 8 rings, constrict 8, tentacle
spike 3, camouflage 1, gelatinous body 1
a: End Transformation


You were on level 3 of the Dungeon.
You were not hungry.
One of your tentacles had a temporary spike.
You visited 1 branch of the dungeon, and saw 3 of its levels.

You collected 76 gold pieces.

Inventory:

Missiles
 a - 10 arrows
Jewellery
 h - a +1 ring of protection (left tentacle)
Wands
 k - a wand of disintegration (10)
Scrolls
 i - a scroll of fog
Potions
 e - a potion of brilliance
 f - a potion of magic
 g - a potion of might
 j - a potion of heal wounds
 n - a potion of cancellation {unknown}
 o - 3 potions of haste {unknown}
Comestibles
 c - 2 rations
 l - 6 chunks of flesh


   Skills:
 + Level 1.0 Fighting
 + Level 2.1 Dodging
 * Level 1.7 Stealth
 + Level 3.9 Unarmed Combat
 + Level 2.4 Spellcasting
 * Level 2.5 Transmutations


You had 4 spell levels left.
You knew the following spells:

 Your Spells              Type           Power        Failure   Level  Hunger
a - Beastly Appendage     Tmut           #.....       8%          1    #......
b - Sticks to Snakes      Tmut           #.......     11%         2    ###....

Your spell library contained the following spells:

 Spells                   Type           Power        Failure   Level  Hunger
 Spider Form              Tmut/Pois      #.........   36%         3    ###....
 Ice Form                 Ice/Tmut       #.......     77%         4    #####..
 Blade Hands              Tmut           #.........   90%         5    ######.


Dungeon Overview and Level Annotations

Branches:
Dungeon (3/15)

Altars:

Annotations:
D:3 Grinder


Innate Abilities, Weirdness & Mutations

You cannot wear most types of armour.
You are very stealthy in the water. (Stealth+)
You are amphibious.
You can wear up to eight rings at the same time.
You can use your tentacles to constrict eight enemies at once.
Your skin changes colour to match your surroundings (Stealth+).
Your rubbery body absorbs attacks. (AC +1, EV +1)
One of your tentacles bears a large vicious spike.


Message History

You tentacle-slap the leopard gecko. Your grab misses the leopard gecko.
Your tentacle spike misses the leopard gecko.
The leopard gecko is almost dead.
The leopard gecko bites you.
* * * LOW HITPOINT WARNING * * *
Grinder blinks!
The leopard gecko barely misses you.
You tentacle-slap the leopard gecko but do no damage.
Your grab misses the leopard gecko. Your squeeze misses the leopard gecko.
The leopard gecko is almost dead.
The leopard gecko bites you but does no damage.
You tentacle-slap the leopard gecko.
You kill the leopard gecko!
Your transformation is almost over.
A quokka comes into view.
An orc comes into view. It is wielding a +0 falchion.
Found 17 stones.
The quokka bites you.
* * * LOW HITPOINT WARNING * * *
The quokka closely misses you. The quokka bites you.
You die...

#.# $..# #.# ##.
#.######.#
#......... ##
###.######## #.
#.#.# #. #.#.# #.
#.#.#
###.######.#.#
#...@....#.#.#
#(....r...+.#.#
............#...#
.#.#o.........###
.....##.......#
.#.#. #######.#
.... #....#.#
.#.# #.##.#.# #.
#.#.#


You could see an orc (sleeping) and a quokka.

Vanquished Creatures
  2 adders (D:2)
  A worm (D:2)
  A dart slug (D:2)
  2 leopard geckos
  6 bats
  4 giant cockroaches
  4 goblins
  5 hobgoblins
  4 jackals (D:2)
  A ball python (D:1)
  2 frilled lizards (D:2)
  4 kobolds
  7 rats
43 creatures vanquished.

Notes
Turn   | Place    | Note
-------+----------+-------------------------------------------
     0 | D:1      | BlueFish the Octopode Transmuter began the quest for the
                  | Orb.
     0 | D:1      | Reached XP level 1. HP: 13/13 MP: 3/3
   286 | D:1      | Reached XP level 2. HP: 18/18 MP: 5/5
   338 | D:1      | Learned a level 2 spell: Sticks to Snakes
   581 | D:1      | Reached skill level 1 in Stealth
   823 | D:2      | Reached XP level 3. HP: 21/23 MP: 6/6
  1480 | D:2      | Reached XP level 4. HP: 24/28 MP: 5/7
  1667 | D:3      | Noticed Grinder
  1669 | D:3      | Paralysed by Grinder for 6 turns
  1729 | D:3      | Slain by a quokka

Levels and vault maps discovered:
D:1:      minmay_arrival_widening_spiral_wide, layout_basic, due_unseen_surprise
D:2:      layout_rooms, minmay_misc_feat_five
D:3:      layout_basic, serial_co_window_serial, co_window_paths_a,
          co_window_of_opportunity_a, co_window_cross_1, co_window_corner_a,
          co_window_corner_a, co_window_of_opportunity_b,
          co_window_of_opportunity_b, co_window_unsneaky_path_a,
          co_window_2corner, co_window_broadway_a, co_window_unsneaky_path_e,
          co_window_corner_cb, glass_columns_c, glass_columns_b, uniq_sigmund,
          uniq_grinder

Skill      XL: |  1  2 |
---------------+-------+-----
Stealth        | 1 |  1.7
Fighting       | |  1.0
Dodging        | |  2.1
Unarmed Combat | |  3.9
Spellcasting   | |  2.4
Transmutations | |  2.5

Action                   |  1- 3 |  4- 6 || total
-------------------------+-------+-------++-------
Melee: Unarmed           |    84 |    17 ||   101
       Constrict         |    22 |     4 ||    26
       Tentacles         |    11 |     1 ||    12
       Kick              |     8 |     3 ||    11
       Punch             |     4 |       ||     4
 Cast: Beastly Appendage |    12 |     3 ||    15
       Sticks to Snakes  |       |     2 ||     2
  Use: Scroll            |       |     7 ||     7
 Stab: Sleeping          |     5 |       ||     5
  Eat: Chunk             |     2 |     1 ||     3
Armor: Skin              |    11 |     7 ||    18
Dodge: Dodged            |    82 |    30 ||   112

Table legend:
 A = Non-vault XP
 B = Vault XP
 C = Vault XP percentage of total XP
 D = Non-vault monster count
 E = Vault monster count
 F = Vault count percentage of total count
                 A         B        C        D         E       F
            +---------+---------+-------+---------+---------+-------
      Total |      98 |       0 |   0.0 |      43 |       0 |   0.0
            +---------+---------+-------+---------+---------+-------
        D:1 |      25 |       0 |   0.0 |      17 |       0 |   0.0
        D:2 |      69 |       0 |   0.0 |      24 |       0 |   0.0
        D:3 |       4 |       0 |   0.0 |       2 |       0 |   0.0
            +---------+---------+-------+---------+---------+-------
